[Event "*** Titled Tuesday Blitz"]
[Site "Chess.com"]
[Date "2018.12.04"]
[Round "5"]
[White "RiskyDecision"]
[Black "ST-Sandavagur"]
[Result "1-0"]
[WhiteElo "2400"]
[BlackElo "2444"]
[TimeControl "180+2"]
[EndTime "14:08:54 PST"]
[Termination "RiskyDecision won on time"]

1. d4 Nf6 2. c4 e6 3. g3 d5 4. Nf3 c6 5. Bg2 Be7 6. O-O O-O 7. Qc2 Nbd7 8. b3 Re8 9. Bb2 Ne4 10. Nbd2 f5 11. Ne1 Bg5 12. e3 a5 13. Nd3 Ndf6 14.
Nf3 Bh6 15. Nfe5 Nd6 16. a3 g5 17. b4 f4 18. exf4 gxf4 19. Bh3 Nde4 20. b5 cxb5 21.
cxb5 Re7 22. Qe2 Qe8 23. Bc1 Qxb5 24. Bxf4 Bxf4 25. Nxf4 Qxe2 26. Nxe2 b6 27. Nf4 Ng5 28. Bg2 Rc7 29. Rfc1 Raa7 30. Nc6 Ra8 31. h4 Nf7 32. Bh3 Bd7 33. Ne7+ Kf8 34. Rxc7 Kxe7 35. Bxe6 Kd6 36.
Rxd7+ Nxd7 37. Bxf7 Rc8 38. Bxd5 Rc2 39. Be4 Rd2 40.
Bxh7 Nf6 41. Bf5 Rxd4 42. a4 Ke5 43. Bg6 Ng4 44. Re1+ Kd6 45. Re2 Rxa4 46. Bf5 Ne5 47. Rd2+ Kc7 48. Rc2+ Kd6 49. Kg2 Ra1 50. h5 Nf7 51.
Bg6 Nh6 52. Rd2+ Kc6 53. Rd8 a4 54. Rh8 Ng4 55. h6 Nxh6 56. Rxh6 a3 57. Bf7+ Kc5 58. Nd3+ Kb5 59. g4 Rd1 60. Nf4 Rd4 61. Kg3 Rd7 62. Be8 a2 63. Bxd7+ Kc5 64. Rh1 1-0

[Event "*** Titled Tuesday Blitz"]
[Site "Chess.com"]
[Date "2018.12.04"]
[Round "5"]
[White "ChristopherYoo"]
[Black "Paparama_1917"]
[Result "0-1"]
[WhiteElo "2419"]
[BlackElo "2592"]
[TimeControl "180+2"]
[EndTime "14:09:00 PST"]
[Termination "Paparama_1917 won by checkmate"]

1. e4 c5 2. Nf3 e6 3. d4 cxd4 4. Nxd4 a6 5. c4 Nc6 6. Nc3 Nf6 7. Nxc6 dxc6 8. Qxd8+ Kxd8 9. Bg5 e5 10. f4 h6 11.
Bxf6+ gxf6 12. O-O-O+ Kc7 13. f5 h5 14. Be2 h4 15. Rd3 Bd7 16. Rhd1 Rd8 17. Na4 Bh6+ 18.
Kc2 b5 19. Nc5 Bc8 20. Rxd8 Rxd8 21. Rxd8 Kxd8 22. b4 Bf4 23. h3 Be3 24. Kb3 Ke7 25. a4 Kd6 26. Nd3 bxc4+ 27. Kxc4 a5 28. b5 Bb7 29.
Bf3 cxb5+ 30. Kxb5 Bc6+ 31. Kxa5 Bd2+ 32. Kb6 Bxa4 33.
Nb2 Bb3 34. Be2 Be3+ 35. Kb5 Bd4 36. Bc4 Bc2 37. Nd3 Bb1 38. Kb4 Bc2 39. Kb5 Ke7 40. Kc6 Bd1 41. Nb4 Ba4+ 42. Bb5 Bb3 43. Nd5+ Kf8 44.
Nxf6 Bc2 45. Bc4 Kg7 46. Ne8+ Kf8 47. Nd6 Ke7 48. Bd5 Bd3 49. Nc8+ Kf6 50. Nd6 Bf1 51.
Nxf7 Bxg2 52. Nd6 Bxh3 53. Kd7 Bf1 54. Ne8+ Kg5 55. Ke7 Bc5+ 56. Kf7 h3 57. Ng7 h2 58.
Ne6+ Kg4 59. Nxc5 h1=Q 60. f6 Qh7+ 61. Ke8 Bb5+ 62. Kd8 Kg5 63. f7 Qh8+ 64. Kc7 Kf6 65. Nb7 Ke7 66. Bb3 Bd7 67. Bd5 Bg4 68. Bb3 Qf8 69. Bd5 Qh8 70. Bb3 Be2 71. Bd5 Ba6 72.
Nc5 Qd8+ 73. Kc6 Qd6# 0-1

[Event "*** Titled Tuesday Blitz"]
[Site "Chess.com"]
[Date "2018.12.04"]
[Round "5"]
[White "NeverEverForever1990"]
[Black "Vuk2000"]
[Result "1-0"]
[WhiteElo "2450"]
[BlackElo "2647"]
[TimeControl "180+2"]
[EndTime "14:09:13 PST"]
[Termination "NeverEverForever1990 won by resignation"]

1. Nf3 Nf6 2. d4 e6 3. Bf4 d5 4.
e3 Bd6 5. Bxd6 Qxd6 6. c4 O-O 7. Nc3 b6 8. Rc1 Bb7 9. cxd5 Nxd5 10. Bd3 Nxc3 11.
Rxc3 Nd7 12. O-O Nf6 13. Ne5 c5 14. Nc4 Qd5 15. f3 cxd4 16. e4 Qd8 17. Rc2 Ba6 18.
Ne5 Bxd3 19. Qxd3 Qd6 20. Nc4 Qc5 21. Na3 Qe5 22. Nc4 Qc7 23. Qxd4 Rfd8 24. Qe5 Qe7 25. Ne3 Rac8 26. Nf5 Qf8 27. Rxc8 Rxc8 28. Nd6 Rd8 29.
Nb5 Qe7 30. Rc1 Ne8 31. Qc3 a6 32. Na3 b5 33. Nc2 Qa7+ 34. Ne3 h6 35. Kf1 Nd6 36. Rd1 Rc8 37. Qd3 Ne8 38. Ng4 Qc5 39. Rd2 h5 40.
Ne3 Qb6 41. Rc2 Rd8 42. Qe2 Qa5 43. a3 Nf6 44. Kf2 Qb6 45. Rd2 Rc8 46. Qd1 Qc7 47.
Rc2 Qb8 48. Rxc8+ Qxc8 49. Qc2 Qb8 50. h3 h4 51. Ng4 Qb6+ 52. Ne3 Nh5 53. Qc8+ Kh7 54.
Qd7 Kg6 55. e5 Nf4 56. Qc8 Nd5 57. Qc2+ Kg5 58. Qe4 Nxe3 59. f4+ Kh5 60. Qxe3 Qxe3+ 61. Kxe3 g5 62. Kf3 Kg6 63. Kg4 gxf4 64. b4 f6 65. exf6 e5 66. Kxh4 e4 67. Kg4 e3 68. Kf3 Kxf6 69. g3 fxg3 70. Kxe3 Kg5 71. Kf3 Kh4 72.
Kg2 a5 73. bxa5 1-0

[Event "*** Titled Tuesday Blitz"]
[Site "Chess.com"]
[Date "2018.12.04"]
[Round "5"]
[White "Wolverine_master"]
[Black "IngOscarArdila"]
[Result "1/2-1/2"]
[WhiteElo "2126"]
[BlackElo "2219"]
[TimeControl "180+2"]
[EndTime "14:09:14 PST"]
[Termination "Game drawn - insufficient material"]

1. Nf3 Nf6 2. g3 g6 3. Bg2 Bg7 4. c4 O-O 5. Nc3 d6 6. O-O Nbd7 7. d3 e5 8. Rb1 a5 9. a3 Nc5 10. Bg5 Ne6 11. Bxf6 Bxf6 12. b4 axb4 13. axb4 Bg7 14. Nd2 c6 15. b5 Qc7 16. Qb3 Nd4 17. Qb2 Bg4 18. Rfe1 Rfb8 19. e3 Ne6 20. Qc2 Nc5 21. Nde4 Nxe4 22. Bxe4 f5 23. Bg2 f4 24. bxc6 bxc6 25.
Rxb8+ Rxb8 26. Qa4 Bd7 27. Rb1 Rxb1+ 28. Nxb1 fxe3 29.
fxe3 Bh6 30. Qa8+ Kg7 31. h3 Bxe3+ 32. Kh2 Qb6 33. Nc3 Bg1+ 34. Kh1 Bd4 35. Ne2 Qb1+ 36.
Kh2 Qxd3 37. Qd8 Qf5 38. Qe7+ Qf7 39. Qxd6 Bf2 40. Qxe5+ Kg8 41. Qb8+ Kg7 42. Qe5+ Kg8 43. Qb8+ Qe8 44. Qxe8+ Bxe8 45. Nf4 Kf7 46. Nd3 Bd4 47. g4 Ke6 48. Kg3 h5 49. gxh5 gxh5 50. Bf3 Kd6 51.
Kh4 Bf7 52. Bxh5 Bxc4 53. Nf4 Bf2+ 54. Kg5 Ba2 55. Bd1 c5 56. h4 Be3 57. Kg4 c4 58. h5 Bb3 59. Bxb3 cxb3 60. Nd3 Kd5 61. Kf3 Bh6 62. Ke2 Kc4 63. Nb2+ Kc3 64. Na4+ Kb4 65. Nb2 Bg7 66. Nd3+ Kc3 67. Nc5 b2 68. Na4+ Kc2 69. Nxb2 Kxb2 70. Kf3 Bh6 71. Kg4 Bc1 72. Kf5 Bd2 73.
Kg6 Bc1 74. h6 Bxh6 1/2-1/2

[Event "*** Titled Tuesday Blitz"]
[Site "Chess.com"]
[Date "2018.12.04"]
[Round "5"]
[White "gmcorrales"]
[Black "AndrBaryshpolets"]
[Result "1-0"]
[WhiteElo "2799"]
[BlackElo "2570"]
[TimeControl "180+2"]
[EndTime "14:09:30 PST"]
[Termination "gmcorrales won on time"]

1. e4 e5 2. Nf3 Nc6 3. d4 exd4 4. Nxd4 Bc5 5. Nb3 Bb6 6. Nc3 Nf6 7. Bg5 h6 8. Bh4 d6 9. Qe2 a5 10. a4 Nd4 11. Nxd4 Bxd4 12. Qc4 Be5 13. Bd3 Be6 14.
Qb5+ c6 15. Qxb7 O-O 16. O-O Rb8 17. Qxc6 Rb6 18. Qb5 Rxb5 19. axb5 Bxc3 20. bxc3 Qb6 21. Ra3 Nd7 22. Rfa1 Ra8 23. Bg3 Nc5 24. c4 a4 25.
Bf4 Qd8 26. Be3 Qf6 27. h3 g5 28. Rb1 Qe5 29. b6 Rb8 30. Rb5 f5 31. exf5 Bd7 32.
Rb1 Bxf5 33. Bxc5 Qxc5 34. Rxa4 Bxd3 35. cxd3 Rxb6 36. Rba1 Rb7 37. Ra8+ Kg7 38. Re8 Rf7 39. Re3 Qd4 40. Rae1 Qb2 41. R1e2 Qa1+ 42. Kh2 Qf6 43.
g3 Qd4 44. Kg2 Rf6 45. Re1 Kg6 46. R1e2 Kf7 47. Re7+ Kg6 48. R7e3 Qc3 49. Re1 Qb4 50. R1e2 Qc5 51. Re1 Qc6+ 52. Kg1 Qd7 53. Kg2 Kf7 54. R1e2 Qd8 55. Kg1 Qd7 56. Kg2 Rf5 57. Kh2 Qc7 58.
Kg2 Qb7+ 59. Kg1 Rf3 60. Rxf3+ Qxf3 61. Re3 Qd1+ 62. Kg2 Kf6 63. Kh2 h5 64. Kg2 Kf5 65. Kh2 Qd2 66. Kg2 Qc2 67. Kg1 h4 68. gxh4 gxh4 69.
Kg2 Kf4 70. Re4+ Kf5 71. Rxh4 Qxd3 72. Rg4 Qe2 73. Kg1 Qf3 74. Rg3 Qe4 75. Rg4 Qf3 76. Rh4 Kg5 77. Rg4+ Kh5 78. Rd4 Qf6 79. Rg4 Qf3 80.
Rd4 1-0

[Event "*** Titled Tuesday Blitz"]
[Site "Chess.com"]
[Date "2018.12.04"]
[Round "5"]
[White "GhostOfGreenval"]
[Black "Tjktiger"]
[Result "1-0"]
[WhiteElo "2849"]
[BlackElo "2674"]
[TimeControl "180+2"]
[EndTime "14:09:59 PST"]
[Termination "GhostOfGreenval won by checkmate"]

1. e4 c5 2. Nf3 g6 3. d4 cxd4 4. Qxd4 Nf6 5. e5 Nc6 6. Qa4 Nd5 7. Qe4 Nb6 8. Bb5 Bg7 9. Bf4 O-O 10. O-O d5 11. Qe3 a6 12. Bxc6 bxc6 13. Nbd2 Bf5 14. c3 Nd7 15. Nd4 Rc8 16. Nxf5 gxf5 17. Qg3 Kh8 18. Rfe1 e6 19. Rad1 Rg8 20. Qh3 Bf8 21. Nf3 Be7 22. Kh1 Rg4 23. g3 Qg8 24. Qh5 Qg6 25. Qxg6 Rxg6 26. c4 Nc5 27. cxd5 cxd5 28.
Rc1 Rgg8 29. Re3 Ne4 30. Rxc8 Rxc8 31. Re2 Bc5 32. Kg2 Bxf2 33. Rxf2 Nxf2 34. Kxf2 Rc2+ 35. Bd2 Rxb2 36. a4 a5 37. Ke3 Ra2 38. Bxa5 Rxa4 39. Bd2 Kg7 40. Nd4 Kg6 41. Nf3 Re4+ 42. Kf2 Ra4 43.
Nh4+ Kh5 44. Nf3 Kg6 45. Nh4+ Kg7 46. Nf3 Ra3 47. Nd4 Rd3 48. Nf3 Rb3 49. Nd4 Rb1 50. Nf3 f6 51. Bc3 fxe5 52. Bxe5+ Kf8 53. Ng5 Ke7 54. Nxh7 Rc1 55. h4 Rc2+ 56. Kf3 Rc1 57. Ng5 Re1 58. Bc3 Rb1 59. Be5 Re1 60. Bg7 e5 61. h5 d4 62. Kf2 Rh1 63. h6 e4 64. h7 Rh2+ 65. Ke1 Rh1+ 66. Kf2 e3+ 67. Ke2 Rh2+ 68. Kd3 Rd2+ 69. Kc4 e2 70. h8=Q e1=Q 71.
Qf8+ Kd7 72. Qxf5+ Kc6 73. Qb5+ Kd6 74. Be5+ Ke7 75.
Qb7+ Kd8 76. Bf6+ Ke8 77. Qf7# 1-0

[Event "*** Titled Tuesday Blitz"]
[Site "Chess.com"]
[Date "2018.12.04"]
[Round "5"]
[White "chidori_boruto"]
[Black "Benek77"]
[Result "0-1"]
[WhiteElo "2567"]
[BlackElo "2593"]
[TimeControl "180+2"]
[EndTime "14:10:05 PST"]
[Termination "Benek77 won on time"]

1. d4 Nf6 2. Nf3 g6 3. Bg5 Bg7 4. Nbd2 O-O 5. e4 d6 6. c3 c5 7. dxc5 dxc5 8. Bc4 Nc6 9. O-O Qc7 10. Qe2 h6 11. Bh4 Nh5 12. Rfe1 Bg4 13. Bg3 Nxg3 14. hxg3 Ne5 15. Bb3 Rad8 16. Nc4 b5 17. Ne3 Bxf3 18.
gxf3 Rd2 19. Qxb5 Nxf3+ 20. Kg2 Nxe1+ 21. Rxe1 Rb8 22. Qc4 e6 23. Re2 Rxe2 24. Qxe2 Qd6 25. Nc4 Qa6 26. Qe3 Qc6 27. f3 Kh7 28. Kf2 Rd8 29. Bc2 f5 30. e5 Qd5 31. Bb3 Qd3 32.
Qxd3 Rxd3 33. f4 g5 34. Bc2 Rd8 35. Nd6 Bf8 36. Nc4 gxf4 37. gxf4 Be7 38. a4 Bh4+ 39. Kf3 Rg8 40. Ne3 Rg3+ 41. Ke2 Rh3 42. Nf1 Bg3 43.
Kf3 Be1+ 44. Ke2 Bh4 45. Bb3 Bd8 46. Bxe6 Kg6 47. Ne3 Rh2+ 48. Kd3 Rxb2 49. Bxf5+ Kf7 50.
Be4 h5 51. f5 h4 52. Bd5+ Kf8 53. f6 h3 54. Nf5 h2 55. Nh4 Rf2 56. Ke3 Rf1 57.
Ng6+ Ke8 58. Nh8 h1=Q 59. f7+ Kf8 60. Ng6+ Kg7 61. Bxh1 Kxg6 62. Bd5 Rxf7 63. Bxf7+ Kxf7 64. Kd3 Ke6 65. Kc4 Kxe5 66. Kxc5 Bb6+ 67. Kc6 Ke6 68.
c4 Bd8 69. c5 a5 70. Kb7 Kd5 71. c6 Kd6 72. Kc8 Bb6 73. Kb7 Bd8 74. Kc8 Kxc6 75. Kxd8 Kc5 76. Kc7 Kb4 77. Kb6 Kxa4 78. Kc5 Kb3 79. Kd4 a4 80. Kd3 a3 81. Kd2 a2 0-1

[Event "*** Titled Tuesday Blitz"]
[Site "Chess.com"]
[Date "2018.12.04"]
[Round "5"]
[White "DiogenesSinopeus"]
[Black "AdrianaNikolova"]
[Result "1/2-1/2"]
[WhiteElo "2422"]
[BlackElo "2394"]
[TimeControl "180+2"]
[EndTime "14:10:17 PST"]
[Termination "Game drawn by agreement"]

1. d4 d5 2. c4 c6 3. Nc3 Nf6 4. e3 a6 5. Nf3 e6 6. b3 c5 7. cxd5 exd5 8. Be2 Nc6 9. O-O Be6 10. Bb2 cxd4 11.
Nxd4 Nxd4 12. Qxd4 Rc8 13. Rfd1 Bc5 14. Qh4 O-O 15. Rac1 Be7 16. Qd4 Qa5 17. h3 Rfd8 18. Na4 Rxc1 19. Rxc1 b5 20. Bc3 Qc7 21. Bb2 Qa5 22.
Bc3 Qc7 23. Bd2 Qd6 24. Nc5 Rc8 25. b4 Ne4 26. Bc3 Bf6 27. Nxe4 Bxd4 28. Nxd6 Rxc3 29.
Rd1 Be5 30. Nb7 Rc2 31. Bf3 Rxa2 32. g4 Ra1 33. Nc5 Rxd1+ 34. Bxd1 Bc8 35. Bf3 Bc3 36. Nd3 Be6 37. Kf1 f6 38. Ke2 Kf7 39. Kd1 a5 40. bxa5 Bxa5 41. Kc2 Bb6 42. Nf4 d4 43. Nxe6 Kxe6 44.
exd4 Bxd4 45. Bc6 b4 46. f3 Ke5 47. Kd3 b3 48. Ba4 b2 49. Bc2 Bb6 50. h4 Kf4 51.
Ke2 Kg3 52. h5 h6 53. Bb1 Kf4 54. Bc2 Bd4 55. Bb1 Be5 56. Bc2 Bd6 57. Bb1 Bc5 58. Bc2 Ke5 59. Kd3 Bg1 60. Bb1 Kd5 61. Kc3 Bd4+ 62. Kd3 Be5 63. Ba2+ Kc5 64. Kc2 Kd4 65. Kb1 Ke3 66. Bd5 Kd2 67. Be4 Kc3 68. Bg6 Bf4 69.
Bf5 Bg5 70. Bg6 Bf4 71. Bf5 Be5 72. Bg6 Kd4 73. Kc2 Ke3 74. Be4 Kf4 75. Bc6 f5 76. Bd7 fxg4 77. fxg4 Kg5 78. Be6 Kf6 79. Bd7 g6 80. hxg6 Kxg6 81. Bc8 Kg5 82. Bd7 Kf4 83.
Bc8 Ke3 84. Bd7 Kd4 85. Bc8 Kc4 86. Bd7 Kb4 87. Be6 Ka3 88. Kb1 Bf6 89. Bd7 Kb3 90.
Bc8 Kc3 91. Bd7 Kd2 92. Bc8 Ke3 93. Bd7 Kf4 94. Bc8 Kg5 95. Bd7 1/2-1/2

[Event "*** Titled Tuesday Blitz"]
[Site "Chess.com"]
[Date "2018.12.04"]
[Round "5"]
[White "1stSecond"]
[Black "martinique24"]
[Result "0-1"]
[WhiteElo "2617"]
[BlackElo "2429"]
[TimeControl "180+2"]
[EndTime "14:10:38 PST"]
[Termination "martinique24 won by resignation"]

1. c4 c5 2. Nf3 Nf6 3. Nc3 d5 4. d4 cxd4 5. Nxd4 dxc4 6. e3 e6 7. Bxc4 Be7 8. O-O O-O 9. b3 Nbd7 10. Bb2 Nb6 11. Be2 Bd7 12. Bf3 Nbd5 13. Nxd5 Nxd5 14.
Nf5 Bf6 15. Bxf6 Nxf6 16. Nd6 Bc6 17. Nxb7 Bxf3 18. Qxd8 Rfxd8 19. gxf3 Rd5 20. Rfd1 Rg5+ 21. Kf1 Rh5 22. Kg2 Rg5+ 23. Kh1 Rf5 24. f4 e5 25. Nd6 Rh5 26. fxe5 Ng4 27. Kg2 Nxe5 28. f4 Ng4 29. Kf3 f5 30. Nxf5 Nxh2+ 31. Kg3 Rxf5 32.
Kxh2 Re8 33. Rd3 g5 34. Rg1 h6 35. Rg3 Re7 36. Rd6 Kg7 37. Ra6 Kh7 38. fxg5 hxg5 39. Kg2 Ref7 40. b4 Rc7 41. a4 Rd5 42. b5 Rd2+ 43. Kf3 Rd5 44. Ke4 Rdc5 45. Rh3+ Kg7 46. Rhh6 Re7+ 47. Kf3 Rce5 48. Rhg6+ Kh7 49. Kg4 Rxe3 50.
Rxg5 R7e4+ 51. Kf5 Re7 52. Rh5+ Kg7 53. Rg6+ Kf7 54.
Rh7+ Ke8 55. Rg8+ Kd7 56. Rxe7+ Rxe7 57. Rg6 Kc7 58. a5 Kb7 59. Re6 Rh7 60. Ke4 Rh1 61.
Re7+ Kb8 62. Kd5 Rd1+ 63. Kc6 Rc1+ 64. Kd7 Rd1+ 65. Ke8 Rd5 66. b6 axb6 67. a6 Ra5 68.
Kd7 Ka7 69. Kc6+ Kxa6 70. Re1 Rc5+ 71. Kd6 Rc8 72. Ra1+ Kb7 73. Rb1 Rc2 74. Kd5 Rc5+ 75. Kd6 Rc8 76. Rb2 Rd8+ 77. Ke6 Rc8 78. Kd6 Rc5 79.
Rb1 Rh5 80. Rb2 b5 81. Rb1 Kb6 82. Rb2 Rh1 83. Kd5 Rd1+ 84. Ke4 Kc5 85. Rc2+ Kb4 86. Rb2+ Kc4 87. Rc2+ Kb3 88. Rc8 b4 89. Rb8 Ka3 90. Ra8+ Kb2 91. Rb8 b3 92. Ke3 Rd7 93. Ke2 Kc2 94. Rc8+ Kb1 95. Rb8 b2 96. Rc8 Rd5 97.
Ra8 Kc2 98. Rc8+ Kb3 99. Rb8+ Kc3 100. Ke3 Re5+ 101. Kf4 Re1 102. Rc8+ Kd4 103. Rd8+ Kc5 0-1

[Event "*** Titled Tuesday Blitz"]
[Site "Chess.com"]
[Date "2018.12.04"]
[Round "5"]
[White "Ravan_02"]
[Black "josmito10"]
[Result "0-1"]
[WhiteElo "2492"]
[BlackElo "2686"]
[TimeControl "180+2"]
[EndTime "14:10:49 PST"]
[Termination "josmito10 won by resignation"]

1. d4 Nf6 2. c4 Nc6 3. Nf3 e6 4. Nc3 Bb4 5. Qc2 O-O 6. a3 Bxc3+ 7. Qxc3 a5 8. e3 d6 9. b3 Qe7 10. Bb2 Re8 11. Be2 e5 12. h3 Bf5 13. O-O Ne4 14.
Qc1 Qf6 15. d5 Ne7 16. Nd2 Nxd2 17. Qxd2 Qg6 18. Kh2 Qh6 19. f4 exf4 20. Rxf4 Bd7 21. Raf1 Rf8 22. Qd4 Ng6 23. R4f3 Ne5 24. Rg3 b6 25. Qf4 Qxf4 26. exf4 Ng6 27. h4 f6 28.
h5 Ne7 29. Bd3 Nf5 30. Bxf5 Bxf5 31. Re1 Kf7 32. h6 gxh6 33. Bd4 Rae8 34. Rc1 Re2 35. b4 axb4 36. axb4 Be4 37. c5 bxc5 38. bxc5 Bxd5 39. cxd6 cxd6 40. Rc7+ Ke6 41. Rxh7 Re4 42. Bc3 Rxf4 43. Rxh6 Be4 44. Rg7 d5 45. Bb4 Rc8 46. Rh5 Re8 47. Bc5 Rf5 48. Rh6 Rf1 49. Kg3 Ke5 50. Rh5+ Rf5 51.
Rh4 Rg5+ 52. Rxg5+ fxg5 53. Rh5 Kf5 54. Be3 Rg8 55. Bd4 Kg6 56. Rh1 Rc8 57. Ra1 Rc2 58.
Ra6+ Kh5 59. Bf2 Rc3+ 60. Kh2 Kg4 61. Rd6 Rd3 62. Bb6 Rd2 63. Kg1 Rxg2+ 64. Kf1 Rb2 65. Rf6 Bd3+ 66. Ke1 Bf5 67. Bd4 Rb4 68. Bc3 Re4+ 69.
Kf2 d4 70. Bd2 d3 71. Be3 Rc4 72. Bd2 Re4 73. Be3 Re8 74. Rf7 Rh8 75. Rg7 Rh2+ 76.
Kg1 Rh5 77. Kf2 Be4 78. Bd2 Rh2+ 79. Ke3 Re2+ 80. Kd4 Rxd2 81. Kxe4 Rd1 82. Ke3 Kh4 83. Rg8 g4 84. Rh8+ Kg3 85. Rg8 Kh3 86. Rh8+ Kg2 87. Rg8 g3 88. Kf4 Rf1+ 89. Ke3 Rf3+ 90. Kd2 Kf2 0-1

[Event "*** Titled Tuesday Blitz"]
[Site "Chess.com"]
[Date "2018.12.04"]
[Round "5"]
[White "biostatistician"]
[Black "Zq1"]
[Result "1-0"]
[WhiteElo "2457"]
[BlackElo "2494"]
[TimeControl "180+2"]
[EndTime "14:11:22 PST"]
[Termination "biostatistician won by resignation"]

1. d4 Nf6 2. Nf3 e6 3. c4 a6 4.
Nc3 c5 5. e3 d5 6. Bd3 dxc4 7.
Bxc4 b5 8. Be2 Bb7 9. O-O Nc6 10.
b3 cxd4 11. exd4 Be7 12. Bb2 O-O 13. Rc1 Rc8 14. Re1 Nb4 15. Ne5 Nbd5 16. Nxd5 Bxd5 17.
Qd2 Ne4 18. Qe3 Bg5 19. f4 Bh4 20. g3 Be7 21. Bd3 Nf6 22. g4 Bb7 23. Be2 Nd5 24. Qg3 Rxc1 25. Rxc1 Bh4 26. Qf3 Qa5 27. a3 Qd2 28.
Rb1 Nxf4 29. Qxb7 Nxe2+ 30. Kh1 Nxd4 31. Qe4 Qc2 32. Qxc2 Nxc2 33. Kg2 Ne3+ 34. Kf3 Nd5 35. Rc1 Bf6 36. Rc6 Bxe5 37. Bxe5 Ra8 38. h4 f6 39. Bd4 Kf7 40. h5 h6 41. Rd6 Ke7 42.
Bc5 Kf7 43. Rd7+ Kg8 44. Rd6 Rc8 45. b4 Kf7 46. Rxa6 e5 47. Ra7+ Kg8 48. Ke4 Nc3+ 49. Kf5 Kh7 50. Be7 Nd5 51. Bc5 Re8 52. Ke4 Nc3+ 53.
Kd3 Nd5 54. Ke4 Nc3+ 55. Kd3 Na4 56. Be7 Kg8 57. Ke4 Nc3+ 58. Kf5 Nd5 59. Bc5 e4 60. Kg6 Nf4+ 61. Kf5 Ne6 62. Be3 Nf8 63. Rb7 Re5+ 64. Kf4 Ne6+ 65. Kg3 Rd5 66. Kf2 Rd3 67. Rxb5 Rxa3 68.
Rb8+ Kf7 69. b5 Rb3 70. b6 Ng5 71. b7 Rb2+ 72. Kg3 Rb3 73. Kf4 Rb4 74. Bc5 Rb3 75.
Rf8+ Ke6 76. Re8+ Kd7 77. Re7+ Kc6 78. Be3 Rxb7 79. Rxb7 Kxb7 80. Kf5 Kc6 81. Bc1 Kd5 82. Be3 Kc4 83. Kg6 Ne6 84. Kf7 Kd5 85. Bg1 Ke5 86. Bh2+ Kd5 87. Bg1 Kd6 88. Bh2+ Kd7 89. Bg1 Ng5+ 90.
Kxg7 Ke6 91. Kxh6 Kf7 92. Be3 Ne6 93. Kh7 Ng5+ 94. Kh6 Ne6 95. Kh7 Nf8+ 96. Kh6 Nd7 97. g5 Ne5 98. g6+ Kg8 99. g7 Ng4+ 100. Kg6 Ne5+ 101. Kxf6 Ng4+ 102. Kg6 Ne5+ 103. Kf5 Nf7 104. h6 Nxh6+ 105. Bxh6 e3 106. Kf6 e2 107. Bd2 1-0

[Event "*** Titled Tuesday Blitz"]
[Site "Chess.com"]
[Date "2018.12.04"]
[Round "5"]
[White "aquaticpineapples"]
[Black "nurmiTV"]
[Result "1-0"]
[WhiteElo "2051"]
[BlackElo "2475"]
[TimeControl "180+2"]
[EndTime "14:12:43 PST"]
[Termination "aquaticpineapples won by checkmate"]

1. d4 Nf6 2. Nf3 e6 3. Nbd2 b6 4. e4 Bb7 5. Bd3 c5 6. c3 Nc6 7. a3 d5 8. e5 Nd7 9. Qe2 Be7 10. h4 a6 11. h5 h6 12. Rh3 b5 13. Rg3 Bf8 14.
Bc2 Qb6 15. Qd3 O-O-O 16. Kf1 a5 17.
Kg1 Ba6 18. Qe3 Kb7 19. Nf1 Rc8 20. Bd2 cxd4 21. cxd4 Ncxe5 22. Nxe5 Nxe5 23. Qxe5 Rxc2 24. Bf4 Rc8 25. Rc1 f6 26. Qe3 Rxc1 27. Qxc1 b4 28. axb4 axb4 29. Nd2 Qc6 30. Qb1 Be2 31. Nb3 Kc8 32.
Qa1 Qa6 33. Qc1+ Bc4 34. Nd2 Kd8 35. b3 Bb5 36. Qc7+ Ke8 37. Qb8+ Kf7 38. Qc7+ Be7 39.
Bd6 Qxd6 40. Qc2 g5 41. hxg6+ Kg7 42. Nf3 h5 43. Nh4 Qf4 44. Nf3 h4 45. Rh3 Bd7 46. Qd1 e5 47. dxe5 Bxh3 48. gxh3 fxe5 49. Qxd5 Bf6 50.
Qf7+ Kh6 51. Nh2 Qg5+ 52. Ng4+ Qxg4+ 53. hxg4 Bg7 54. Qf5 Bf8 55. Qf7 Bg7 56. Qf5 Bf8 57.
g5+ Kh5 58. Qf6 Rg8 59. Qf7 Rxg6 60. Qxf8 Rxg5+ 61. Kh2 Kg4 62. Qc8+ Rf5 63. Qg8+ Kf4 64. Qg2 Rg5 65. Qd5 e4 66. Qd6+ Kf3 67. Qf6+ Kg4 68. Qe6+ Kf4 69. Qf6+ Kg4 70. Kg2 Rf5 71. Qg6+ Kf4 72.
Kf1 Rd5 73. Qf7+ Ke5 74. Qh5+ Kd4 75. Qxh4 Rc5 76. Qf6+ Kd5 77. Qf5+ Kd4 78. Qf6+ Kd5 79. Ke2 Rc3 80. Qf7+ Kc5 81. Qf5+ Kd4 82. Qd7+ Kc5 83. Qe6 Kd4 84. Kd2 Rd3+ 85. Kc2 Rc3+ 86. Kb2 Rf3 87. Qc4+ Ke5 88. Qc5+ Kf4 89. Qxb4 Rxf2+ 90. Ka3 Kf3 91. Qf8+ Ke2 92. Qe7 e3 93. b4 Kd2 94. Qd6+ Ke1 95. b5 e2 96. b6 Kf1 97. b7 e1=Q 98. Qd3+ Re2 99. Qf3+ Rf2 100. Qh1+ Ke2 101. Qxe1+ Kxe1 102. b8=Q Rd2 103. Qe5+ Re2 104. Qc3+ Kf2 105. Kb4 Re3 106. Qd4 Ke2 107. Kc4 Kf3 108. Qf6+ Ke2 109. Kd4 Rd3+ 110. Kc4 Re3 111. Qf4 Rf3 112. Qg4 Kf2 113. Kd4 Rg3 114. Qh4 Kg2 115. Ke4 Ra3 116. Qg4+ Rg3 117. Qe2+ Kg1 118. Kf4 Rg2 119. Qe1+ Kh2 120. Kf3 Rg7 121. Qd2+ Kg1 122. Qc1+ Kh2 123. Qb2+ Rg2 124. Qxg2# 1-0

[Event "*** Titled Tuesday Blitz"]
[Site "Chess.com"]
[Date "2018.12.04"]
[Round "6"]
[White "toog"]
[Black "saraswathii"]
[Result "1-0"]
[WhiteElo "2211"]
[BlackElo "2248"]
[TimeControl "180+2"]
[EndTime "14:15:10 PST"]
[Termination "toog won by resignation"]

1. e4 c5 2. Nf3 e6 3. d4 cxd4 4. Nxd4 Nf6 5. Bd3 Nc6 6. Nxc6 bxc6 7. O-O d5 8. Nd2 Bd6 9. Qe2 Qc7 10. g3 O-O 11. b3 Be5 12. Rb1 Nxe4 13. Nxe4 dxe4 14. Qxe4 f5 15. Qe2 Bf6 16. Re1 Re8 17. Bxf5 Bc3 18. Bxh7+ 1-0

[Event "*** Titled Tuesday Blitz"]
[Site "Chess.com"]
[Date "2018.12.04"]
[Round "6"]
[White "JordanaEmiel"]
[Black "BvsN"]
[Result "0-1"]
[WhiteElo "2026"]
[BlackElo "2284"]
[TimeControl "180+2"]
[EndTime "14:15:15 PST"]
[Termination "BvsN won by resignation"]

1. d4 d5 2. c4 c6 3. Nf3 Nf6 4. Nc3 e6 5. e3 Nbd7 6. Bd3 dxc4 7. Bxc4 b5 8. Bd3 Bd6 9. Qc2 O-O 10. O-O Bb7 11.
Ng5 Bxh2+ 12. Kh1 Bd6 13. Nxh7 Nxh7 14. Bxh7+ Kh8 15. g4 Qh4+ 16. Kg2 Qxg4+ 17. Kh1 0-1

[Event "*** Titled Tuesday Blitz"]
[Site "Chess.com"]
[Date "2018.12.04"]
[Round "6"]
[White "snowlord"]
[Black "biostatistician"]
[Result "0-1"]
[WhiteElo "2627"]
[BlackElo "2469"]
[TimeControl "180+2"]
[EndTime "14:15:23 PST"]
[Termination "biostatistician won by resignation"]

1. e4 e6 2. d4 d5 3. Nc3 Nc6 4. e5 f6 5. Bb5 a6 6. Bxc6+ bxc6 7. Nf3 c5 8. O-O cxd4 9. Nxd4 c5 10. Nb3 Bb7 11.
Re1 f5 12. Na4 Qc7 13. Bd2 c4 14. Na5 Ne7 15. Nc5 Bc8 16. b4 Nc6 17. Nxc6 Qxc6 18. Be3 Be7 19. Qh5+ g6 20. Qxh7 Rxh7 0-1

[Event "*** Titled Tuesday Blitz"]
[Site "Chess.com"]
[Date "2018.12.04"]
[Round "6"]
[White "ASVZ"]
[Black "IngOscarArdila"]
[Result "1-0"]
[WhiteElo "2283"]
[BlackElo "2191"]
[TimeControl "180+2"]
[EndTime "14:15:33 PST"]
[Termination "ASVZ won by checkmate"]

1. e4 e5 2. Nf3 Nf6 3. Nc3 Nc6 4. Bb5 Bb4 5. O-O O-O 6. d3 d6 7. Bg5 Bxc3 8. bxc3 Qe7 9. Bxc6 bxc6 10. Rb1 Be6 11. c4 Rab8 12. Rb3 Rb6 13. Qd2 Rfb8 14. h3 h6 15. Bh4 g5 16. Nxg5 hxg5 17. Qxg5+ Kf8 18.
Qxf6 Qxf6 19. Bxf6 Kg8 20. f4 exf4 21. Rxf4 d5 22.
Rh4 Kf8 23. Rh8# 1-0

[Event "*** Titled Tuesday Blitz"]
[Site "Chess.com"]
[Date "2018.12.04"]
[Round "6"]
[White "DSCC1"]
[Black "AndrewDGreen"]
[Result "0-1"]
[WhiteElo "2170"]
[BlackElo "2242"]
[TimeControl "180+2"]
[EndTime "14:15:40 PST"]
[Termination "AndrewDGreen won by resignation"]

1. Nf3 c5 2. c4 g6 3. d4 cxd4 4.
Nxd4 Nc6 5. e4 Nf6 6. Nc3 Nxd4 7. Qxd4 d6 8. Be2 Bg7 9. Bg5 O-O 10. Qd2 a5 11. f3 a4 12. O-O Qa5 13. Rfd1 Be6 14.
Kf1 Rfc8 15. Bxf6 Bxf6 16. Nd5 Bxd5 17. Qxa5 Rxa5 18. Rxd5 Rxd5 19. exd5 a3 20. Rb1 axb2 21. Bd3 Ra8 0-1

[Event "*** Titled Tuesday Blitz"]
[Site "Chess.com"]
[Date "2018.12.04"]
[Round "6"]
[White "DenisQ"]
[Black "AquivaRubinstein"]
[Result "1-0"]
[WhiteElo "2604"]
[BlackElo "2413"]
[TimeControl "180+2"]
[EndTime "14:15:43 PST"]
[Termination "DenisQ won by resignation"]

1. Nf3 Nf6 2. g3 d5 3. Bg2 c5 4. O-O Nc6 5. d4 Bg4 6. Ne5 Bh5 7. Nxc6 bxc6 8. dxc5 e5 9. c4 Bxc5 10. Nc3 e4 11. Bg5 O-O 12. cxd5 cxd5 13. Bxf6 Qxf6 14. Qxd5 1-0

[Event "*** Titled Tuesday Blitz"]
[Site "Chess.com"]
[Date "2018.12.04"]
[Round "6"]
[White "Rashad_Zeynalli"]
[Black "Winehouse83"]
[Result "0-1"]
[WhiteElo "2342"]
[BlackElo "2445"]
[TimeControl "180+2"]
[EndTime "14:15:44 PST"]
[Termination "Winehouse83 won by checkmate"]

1. d4 Nf6 2. c4 g6 3. Nc3 Bg7 4. e4 d6 5. Nf3 O-O 6. Be2 e5 7. O-O Nc6 8. d5 Ne7 9. b4 Nd7 10. Ne1 f5 11. f3 f4 12. Nd3 g5 13. c5 Rf6 14. Qb3 Rg6 15. c6 Nf6 16. cxb7 Bxb7 17. Nc5 dxc5 18. d6+ Kh8 19. dxe7 Qxe7 20. bxc5 Qxc5+ 21.
Kh1 Qb6 22. Qc4 Nh5 23. Rb1 Ng3+ 24. hxg3 Rh6# 0-1